 Dungeon Crawl Stone Soup version 0.24-a0-282-g1a68c911f0 (webtiles) character file.

Game seed: 8917788457796481983

621 Esekla the Slasher (level 7, -1/56 HPs)
             Began as a Vampire Wanderer on May 2, 2019.
             Was a Plaything of Xom.
             Slain by a gnoll
             ... wielding a +0 spear
              (2 damage)
             ... on level 5 of the Dungeon.
             The game lasted 00:41:21 (4433 turns).

Esekla the Slasher (Vampire Wanderer)               Turns: 4433, Time: 00:41:26

Health: -1/56      AC: 14    Str: 12    XL:     7   Next: 22%
Magic:  7/7        EV:  8    Int: 17    God:    Xom [......]
Gold:   50         SH:  0    Dex: 12    Spells: 6/6 levels left

rFire    . . .     SeeInvis +   n - +0 spear (curse)
rCold    + + .     Gourm    .   (no shield)
rNeg     + + +     Faith    .   k - +0 chain mail
rPois    +         Spirit   .   s - +2 hat
rElec    +         Reflect  .   j - +0 cloak
rCorr    .         Harm     .   p - +0 pair of gloves
MR       .....                  (no boots)
Stlth    +.........             (no amulet)
HPRegen  0.09/turn              o - ring of positive energy
MPRegen  0.10/turn              (no ring)

@: flying, regenerating slowly
A: fangs 3, slimy green scales 1, see invisible, blink, cold resistance 1,
robust 1, electricity resistance, unbreathing, MP-powered wands, sturdy frame 1
a: Bat Form, Blink, Renounce Religion


You were on level 5 of the Dungeon.
You worshipped Xom.
You were a very special plaything of Xom.
You were thirsty.

You visited 2 branches of the dungeon, and saw 6 of its levels.

You collected 102 gold pieces.
You spent 52 gold pieces at shops.

Inventory:

Hand Weapons
 a - a +2 falchion
 n - a cursed +0 spear (weapon)
 r - a +5 dagger of venom
 y - a +3 scythe
Missiles
 w - 4 tomahawks (quivered)
Armour
 d - a +0 robe
 j - a +0 cloak (worn)
 k - a +0 chain mail (worn)
 p - a +0 pair of gloves (worn)
 s - a +2 hat (worn)
 t - a +0 helmet
Jewellery
 o - a ring of positive energy (left hand)
Scrolls
 e - a scroll of amnesia
 m - 2 scrolls of identify
Potions
 b - a potion of curing
 f - 10 potions of blood
 g - a potion of lignification
 h - a potion of might {unknown}
 i - a potion of degeneration {unknown}
 l - a potion of heal wounds {unknown}
 q - 2 potions of flight


   Skills:
 - Level 2.6 Fighting
 * Level 2.6(5.0) Short Blades
 + Level 6.1(6.3) Long Blades
 * Level 4.8 Dodging
 - Level 4.4 Stealth
   Level 1.0 Evocations


You had 6 spell levels left.
You didn't know any spells.
Your spell library was empty.

Dungeon Overview and Level Annotations

Branches:
Dungeon (5/15)             Temple (1/1) D:5

Altars:
Cheibriados
Dithmenos
Elyvilon
Fedhas
Gozag
Hepliaklqana
Kikubaaqudgha
Makhleb
Nemelex Xobeh
Qazlal
Ru
Trog
Vehumet
Wu Jian
Xom
Yredelemnul
The Shining One

Shops:
D:4 *

Annotations:
D:3 2 transporters, Grinder
D:5 Duvessa


Innate Abilities, Weirdness & Mutations

You heal slowly.
You have razor-sharp teeth.
You have supernaturally acute eyesight. (SInv)
You can survive without breathing.
You are partially covered in slimy green scales. (AC +2)
You can translocate small distances at will.
Your flesh is cold resistant. (rC+)
You are robust. (+10% HP)
You are resistant to electric shocks. (rElec)
You expend magic power (3 MP) to strengthen your wands.
Your movements are slightly less encumbered by armour. (ER -2)


Message History

The gnoll barely misses you.
There is a stone staircase leading up here.
You feel better.
The scorpion stings you but does no damage.
The gnoll hits you with a cursed +0 flail.
* * * LOW HITPOINT WARNING * * *
The gnoll hits you with a +0 whip.
* * * LOW HITPOINT WARNING * * *
The orc barely misses you. The orc warrior barely misses you.
The gnoll hits you but does no damage.
Okay, then.
It was a potion of flight.
You feel very buoyant.
You fly up into the air.
Xom roars with laughter!
The scorpion barely misses you. The gnoll hits you but does no damage.
The gnoll closely misses you. The orc hits you but does no damage.
The gnoll hits you from afar with a +0 spear.
You die...
Xom cackles wildly!

#####.####.##...##...
....%......##...##.#
...................#
..............>....#
)..................#
...........##...##.#
...........##...##.#
.......go..........#
......$o@sg...######
...#...g.###### ##
#######


You could see an orc warrior, a scorpion, 3 gnolls and an orc.

Vanquished Creatures
  Sigmund (D:3)
  A centaur (D:4)
  3 orc wizards
  A hound (D:4)
  An orc priest (D:3)
  Ijyb (D:3)
  3 worker ants (D:4)
  4 adders
  A gnoll (D:1)
  2 oozes
  2 adder skeletons (D:4)
  A worm (D:4)
  A dart slug (D:2)
  6 orcs
  A ball python (D:1)
  6 bats
  2 giant cockroaches
  4 goblins
  4 hobgoblins
  2 jackals (D:4)
  2 quokkas (D:2)
  4 frilled lizards
  6 kobolds
  9 rats
68 creatures vanquished.

Vanquished Creatures (collateral kills)
  An orc wizard (D:3)
  3 orcs
4 creatures vanquished.

Vanquished Creatures (others)
  2 orc priests (D:3)
  An iguana (D:4)
  2 orcs (D:3)
5 creatures vanquished.

Grand Total: 77 creatures vanquished

Notes
Turn   | Place    | Note
-------+----------+-------------------------------------------
     0 | D:1      | Esekla the Vampire Wanderer began the quest for the Orb.
     0 | D:1      | Esekla set off with the following items: a +2 falchion, a
                  | potion of curing, a scroll of teleportation, a +0 robe, a
                  | +0 dagger, a potion of blood
     0 | D:1      | Reached XP level 1. HP: 17/17 MP: 1/1
    75 | D:1      | Reached XP level 2. HP: 23/23 MP: 2/2
   311 | D:1      | Reached skill level 2 in Long Blades
   761 | D:1      | Reached XP level 3. HP: 28/28 MP: 3/3
  1257 | D:2      | Reached skill level 3 in Long Blades
  1298 | D:2      | Reached XP level 4. HP: 20/34 MP: 4/4
  1569 | D:2      | Found a faded altar of an unknown god.
  1579 | D:2      | Became a worshipper of Xom of Ineffable Intent
  1684 | D:3      | Found a transporter.
  1705 | D:3      | Found a transporter.
  1743 | D:3      | Noticed Ijyb
  1744 | D:3      | XOM: potion effect (agility)
  1747 | D:3      | XOM: potion effect (haste)
  1759 | D:3      | XOM: enchant monster (good)
  1765 | D:3      | Killed Ijyb
  1770 | D:3      | Reached skill level 4 in Long Blades
  1853 | D:3      | Reached XP level 5. HP: 33/39 MP: 5/5
  2045 | D:3      | Noticed Sigmund
  2055 | D:3      | Killed Sigmund
  2055 | D:3      | Reached skill level 1 in Short Blades
  2055 | D:3      | Reached skill level 5 in Long Blades
  2055 | D:3      | Reached XP level 6. HP: 38/46 MP: 6/6
  2217 | D:3      | Found a shimmering altar of Xom.
  2217 | D:3      | Found a glowing golden altar of the Shining One.
  2219 | D:3      | XOM: harmless Fire miscast
  2248 | D:3      | XOM: give mutation
  2248 | D:3      | Gained mutation: Your movements are slightly less
                  | encumbered by armour. (ER -2) [Xom's grace]
  2316 | D:3      | Found a blossoming altar of Fedhas.
  2426 | D:3      | Noticed Grinder
  2427 | D:3      | XOM: cleaving
  2429 | D:3      | Paralysed by Grinder for 2 turns
  2442 | D:3      | XOM: give mutations
  2442 | D:3      | Gained mutation: You are partially covered in slimy green
                  | scales. (AC +2) [Xom's grace]
  2442 | D:3      | Gained mutation: Your flesh is cold resistant. (rC+) [Xom's
                  | grace]
  2442 | D:3      | Gained mutation: You are resistant to hostile enchantments.
                  | (MR+) [Xom's grace]
  2442 | D:3      | Gained mutation: You are robust. (+10% HP) [Xom's grace]
  2663 | D:4      | XOM: summons friendly iron imp
  2701 | D:3      | XOM: summons 2 friendly demons
  2885 | D:3      | XOM: 5-stop teleportation journey
  2912 | D:3      | XOM: destruction
  3222 | D:3      | XOM: give mutations
  3222 | D:3      | Gained mutation: You are resistant to electric shocks.
                  | (rElec) [Xom's grace]
  3222 | D:3      | Gained mutation: You expend magic power (3 MP) to
                  | strengthen your wands. [Xom's grace]
  3222 | D:3      | Gained mutation: You are agile. (Dex +2) [Xom's grace]
  3222 | D:3      | Gained mutation: You can translocate small distances at
                  | will. [Xom's grace]
  3229 | D:4      | XOM: enchant monster (good)
  3312 | D:4      | Found Uneblube's Assorted Antiques.
  3315 | D:4      | Bought a scroll labeled PAUQEU NAUSM for 26 gold pieces
  3315 | D:4      | Bought a scroll labeled GIDWEWKEYKH for 26 gold pieces
  3418 | D:4      | XOM: divine lightning
  3516 | D:3      | Found a bloodstained altar of Trog.
  3518 | D:3      | Found an ancient bone altar of Kikubaaqudgha.
  3519 | D:3      | Found a shadowy altar of Dithmenos.
  3535 | D:3      | XOM: summons friendly shadow imp
  3539 | D:3      | XOM: summons 2 friendly demons
  3565 | D:3      | XOM: summons 2 hostile shadow creatures
  3770 | D:4      | Reached XP level 7. HP: 36/56 MP: 7/7
  3939 | D:5      | Entered Level 5 of the Dungeon
  3939 | D:5      | Noticed Duvessa
  3980 | D:4      | XOM: summons friendly iron imp
  4003 | D:4      | Reached skill level 6 in Long Blades
  4048 | D:4      | XOM: potion effect (invisibility)
  4088 | D:4      | Found a blossoming altar of Fedhas.
  4126 | D:4      | Identified the +2 mace "Poupount" {crush, rC+ MR+ Str+3
                  | Int+4}
  4141 | D:4      | XOM is BORED!
  4141 | D:4      | XOM: noise
  4149 | D:4      | XOM: potion effect (agility)
  4150 | D:5      | Found a staircase to the Ecumenical Temple.
  4164 | D:5      | XOM: give mutations
  4164 | D:5      | Lost mutation: You are agile. (Dex +2) [Xom's mischief]
  4164 | D:5      | Lost mutation: You are resistant to hostile enchantments.
                  | (MR+) [Xom's mischief]
  4172 | Temple   | XOM: noise
  4172 | Temple   | Entered the Ecumenical Temple
  4428 | D:4      | XOM: enchant monster (bad)
  4431 | D:5      | HP: 1/56 [gnoll/cursed +0 flail (7)]
  4433 | D:5      | Slain by a gnoll

Levels and vault maps discovered:
D:1:      dpeg_arrival_water_temple_mockup, layout_basic, minmay_tetromino_i4
D:2:      layout_basic, chequers_ecumenical_altar_grove
D:3:      gammafunk_steamed_eel, layout_loops_cross,
          nicolae_overflow_hidden_temple, chequers_temple_overflow_minitemple,
          uniq_grinder, uniq_sigmund, uniq_ijyb
D:4:      layout_gridville, serial_shops, nicolae_shop_behind_doors,
          hangedman_decor_push, fedhas_bush_and_centaur_altar
D:5:      layout_rooms, evilmike_ruin_ashenzari,
          minmay_temple_entry_stoned_glass, first_ration,
          ebering_ghost_disaster_area, minmay_pentangle, uniq_duvessa
Temple:   cyrus_circular_temple

Skill      XL: |  1  2  3  4  5  6  7 |
---------------+----------------------+-----
Long Blades    | 2 3 4 5 6 |  6.1
Dodging        | 3 4 |  4.8
Short Blades   | 1 2 |  2.6
Fighting       | |  2.6
Stealth        | |  4.4
Evocations     | |  1.0

Action                   |  1- 3 |  4- 6 |  7- 9 || total
-------------------------+-------+-------+-------++-------
Melee: Falchion          |    90 |    52 |       ||   142
       Dagger            |     3 |    20 |       ||    23
       Bite              |     7 |    29 |    10 ||    46
       Spear             |       |   217 |    76 ||   293
Throw: Tomahawk          |       |     2 |     3 ||     5
Evoke: Wand              |       |     1 |       ||     1
  Use: Potion            |     1 |     4 |     4 ||     9
       Scroll            |       |    12 |     2 ||    14
 Stab: Sleeping          |     2 |       |       ||     2
       Paralysed         |       |     5 |       ||     5
       Petrified         |       |     8 |       ||     8
       Invisible         |       |       |     3 ||     3
  Eat: Corpse            |     1 |     1 |       ||     2
Armor: Robe              |     1 |       |       ||     1
       Chain mail        |    62 |   165 |    49 ||   276
Dodge: Dodged            |    32 |   115 |    59 ||   206
       Rpst.: Falchion   |     6 |     7 |       ||    13

Table legend:
 A = Non-vault XP
 B = Vault XP
 C = Vault XP percentage of total XP
 D = Non-vault monster count
 E = Vault monster count
 F = Vault count percentage of total count
                 A         B        C        D         E       F
            +---------+---------+-------+---------+---------+-------
      Total |     517 |     371 |  41.8 |      67 |       6 |   8.2
            +---------+---------+-------+---------+---------+-------
        D:1 |      32 |      10 |  23.8 |      14 |       3 |  17.6
        D:2 |      63 |       0 |   0.0 |      20 |       0 |   0.0
        D:3 |     192 |     255 |  57.0 |      18 |       2 |  10.0
        D:4 |     230 |     106 |  31.5 |      15 |       1 |   6.2
            +---------+---------+-------+---------+---------+-------
